 Dungeon Crawl Stone Soup version 0.27-a0-3-gcf006a40f5 (webtiles) character file.

Game seed: 12466632396190171788

252 teolandon225 the Sneak (level 5, -3/25 HPs)
             Began as a Spriggan Enchanter on Jan 1, 2021.
             Slain by Grinder (5 damage)
             ... while paralysed by Grinder
             ... on level 4 of the Dungeon.
             The game lasted 00:15:48 (5004 turns).

teolandon225 the Sneak (Spriggan Enchanter)         Turns: 5004, Time: 00:15:49

Health: -3/25      AC:  3    Str:  4    XL:     5   Next: 89%
Magic:  7/11       EV:  4    Int: 18    God:
Gold:   142        SH:  0    Dex: 16    Spells: 2/11 levels left

rFire    . . .     SeeInvis +   g - +1 dagger (speed)
rCold    . . .     Faith    .   (shield restricted)
rNeg     . . .     Spirit   .   k - +1 robe
rPois    .         Reflect  .   h - +0 hat
rElec    .         Harm     .   (no cloak)
rCorr    .         Rampage  .   (gloves unavailable)
Will     .....                  (boots unavailable)
Stlth    +++.......             (no amulet)
HPRegen  0.08/turn              (no ring)
MPRegen  0.12/turn              (no ring)

@: paralysed, very slightly contaminated, very quick
A: very small, unfitting armour, see invisible, speed 3
a: no special abilities


You were on level 4 of the Dungeon.
You visited 1 branch of the dungeon, and saw 4 of its levels.

You collected 142 gold pieces.

Inventory:

Hand Weapons
 a - a +1 dagger
 g - a +1 dagger of speed (weapon)
Armour
 b - a +0 robe
 h - a +0 hat (worn)
 k - a +1 robe (worn)
Wands
 r - a wand of random effects (14)
Scrolls
 c - 2 scrolls of remove curse
 d - a scroll of enchant weapon
 f - 2 scrolls of enchant armour
 n - a scroll of identify
 p - a scroll of amnesia
Potions
 e - a potion of invisibility
 i - a potion of brilliance {unknown}
 j - a potion of flight {unknown}
 l - 2 potions of curing {unknown}
 m - a potion of berserk rage {unknown}
 o - a potion of degeneration {unknown}
 q - a potion of might {unknown}
 s - a potion of heal wounds {unknown}


   Skills:
 + Level 1.4 Fighting
 + Level 2.4 Short Blades
 + Level 4.1 Dodging
 * Level 6.4 Stealth
 + Level 3.6 Spellcasting
 * Level 5.0 Hexes


You had 2 spell levels left.
You knew the following spells:

 Your Spells              Type           Power        Failure   Level
a - Corona                Hex            23%          1%          1
b - Ensorcelled Hibernat  Hex/Ice        24%          9%          2
c - Confusing Touch       Hex            21%          6%          3
d - Tukima's Dance        Hex            21%          6%          3

Your spell library contained the following spells:

 Spells                   Type           Power        Failure   Level
 Slow                     Hex            21%          3%          2
 Beastly Appendage        Tmut           6%           16%         1
 Magic Dart               Conj           12%          16%         1
 Blink                    Tloc           N/A          22%         2
 Call Imp                 Summ           3%           22%         2
 Wereblood                Tmut           3%           22%         2
 Dazzling Flash           Conj/Hex       24%          16%         3
 Conjure Flame            Conj/Fire      3%           41%         3
 Mephitic Cloud           Conj/Pois/Air  3%           41%         3
 Spider Form              Tmut/Pois      1%           41%         3
 Ice Form                 Ice/Tmut       3%           83%         4
 Blade Hands              Tmut           1%           99%         5


Dungeon Overview and Level Annotations

Branches:
Dungeon (4/15)
 Temple: D:4-7

Altars:
Zin

Annotations:
D:1 exclusions: downstairs and 1 more exclusion
D:3 1 runed translucent door, Crazy Yiuf
D:4 Grinder


Innate Abilities, Weirdness & Mutations

You are very small and have problems with some larger weapons.
You are too small for most types of armour.
You have supernaturally acute eyesight. (SInv)
You cover ground extremely quickly.


Message History

Press: ? - help, Q - select action, (/) - cycle Shift-Dir - straight line, f - orc wizard
Aim: an orc wizard, wielding a +0 dagger and wearing a +0 robe (chance to affect: 43%)
You miscast Ensorcelled Hibernation.
You are very lightly contaminated with residual magic.
Nothing appears to happen.
The orc wizard casts a spell.
The orc wizard blinks!
Aiming: Ensorcelled Hibernation (safe; 9% risk of failure)
Press: ? - help, Q - select action, (/) - cycle Shift-Dir - straight line, f/p - orc wizard
Aim: an orc wizard, wielding a +0 dagger and wearing a +0 robe (chance to affect: 43%)
The orc wizard looks drowsy...
There is a stone staircase leading up here.
Grinder gestures at you.
You suddenly lose the ability to move!
Grinder hits you. x2
You writhe in agony.
Grinder hits you!
* * * LOW HITPOINT WARNING * * *
You writhe in agony.
You die...

....##o.......#
#### ##..o...##
##....### ###
##.o.#.# ##..####
##....## ##......#
#......# #)....<.#
#......##
######..#
##......[# #@.#
#........#
#5.######....o...#
#...##......o....#
#o..)...#.....o..#
#....###....o....#
#...## #........##
#...# #........#
.....# ##.......#
......# ###.....#


You could see Grinder and an orc wizard (asleep).

Vanquished Creatures
  2 orc priests
  Natasha (thrice) (D:3)
  3 adders
  An ooze (D:2)
  3 worms
  3 dart slugs
  A leopard gecko (D:2)
  4 orcs (D:3)
  5 bats
  2 giant cockroaches
  13 goblins
  5 hobgoblins
  8 jackals (D:3)
  4 ball pythons
  2 frilled lizards (D:1)
  5 kobolds
  6 rats
70 creatures vanquished.

Notes
Turn   | Place    | Note
-------+----------+-------------------------------------------
     0 | D:1      | teolandon225 the Spriggan Enchanter began the quest for the
                  | Orb.
     0 | D:1      | Reached XP level 1. HP: 9/9 MP: 5/5
   503 | D:1      | Reached XP level 2. HP: 13/13 MP: 6/6
   506 | D:1      | Learned a level 2 spell: Ensorcelled Hibernation
  1428 | D:1      | Reached skill level 5 in Stealth
  1533 | D:2      | Reached XP level 3. HP: 17/17 MP: 2/8
  2220 | D:2      | Reached XP level 4. HP: 21/21 MP: 3/9
  2638 | D:3      | Noticed Natasha
  2879 | D:3      | Found a glowing silver altar of Zin.
  2934 | D:3      | Learned a level 3 spell: Confusing Touch
  2938 | D:3      | Learned a level 3 spell: Tukima's Dance
  3184 | D:3      | Killed Natasha
  3185 | D:3      | Reached skill level 1 in Fighting
  3320 | D:3      | Noticed Natasha
  3718 | D:3      | Reached XP level 5. HP: 25/25 MP: 11/11
  3988 | D:3      | Killed Natasha
  3989 | D:3      | Reached skill level 6 in Stealth
  4039 | D:3      | Noticed Natasha
  4044 | D:3      | Killed Natasha
  4461 | D:3      | Found a runed translucent door.
  4462 | D:3      | Noticed Crazy Yiuf
  4578 | D:4      | Noticed Grinder
  4834 | D:4      | Reached skill level 5 in Hexes
  5000 | D:4      | Paralysed by Grinder for 4 turns
  5004 | D:4      | Slain by Grinder

Illustrated notes

Levels and vault maps discovered:
D:1:      lightli_arrival_maybe_door_vault, layout_loops_ring
D:2:      layout_rooms
D:3:      layout_rooms, zin_statuary, mrwooster_statue_mirror,
          uniq_crazy_yiuf_cottage, uniq_natasha
D:4:      layout_cave_pods, general_overflow_altar, minitemple,
          portal_sewer_entry_d, nzn_random_ring, uniq_duvessa, uniq_grinder

Skill      XL: |  1  2  3  4  5 |
---------------+----------------+-----
Hexes          | 4 5 |  5.0
Stealth        | 5 6 |  6.4
Spellcasting   | 3 |  3.6
Fighting       | 1 |  1.4
Short Blades   | 2 |  2.4
Dodging        | 4 |  4.1

Action                   |  1- 3 |  4- 6 || total
-------------------------+-------+-------++-------
Melee: Dagger            |   122 |   157 ||   279
 Cast: Corona            |     4 |     6 ||    10
       Ensorcelled Hiber |    29 |    26 ||    55
       Tukima's Dance    |       |     1 ||     1
  Use: Scroll            |       |     7 ||     7
 Stab: Sleeping          |    22 |    20 ||    42
Armor: Robe              |    13 |    11 ||    24
Dodge: Dodged            |    82 |   143 ||   225

Table legend: (Time is in decaauts)
 A = Elapsed time spent in this place.
 B = Non-inter-level travel time spent in this place.
 C = Inter-level travel time spent in this place.
 D = Time resting spent in this place.
 E = Time spent auto-exploring this place.
 F = Levels seen in this place.
 G = Mean time per level.
                   A        B        C        D        E       F      G
               +--------+--------+--------+--------+--------+-----+--------+
         Total |   4137 |   4020 |    117 |   1626 |   1344 |   4 | 1034.2 |
       Dungeon |   4137 |   4020 |    117 |   1626 |   1344 |   4 | 1034.2 |
               +--------+--------+--------+--------+--------+-----+--------+

Top non-repeatable levels by time:
     D:2: 1659 daAuts
     D:3: 1219 daAuts
     D:1: 1201 daAuts
     D:4: 57 daAuts
